 Dungeon Crawl Stone Soup version 0.23.0-38-g208d714 (webtiles) character file.

Game seed: 12815573404796126717

2452 HEYYEYAAE the Bolt Thrower (level 9, 0/64 HPs)
             Began as an Octopode Hunter on Feb 27, 2019.
             Was a Priest of Okawaru.
             Killed from afar by an acid dragon (6 damage)
             ... with a splash of acid
             ... on level 11 of the Dungeon.
             The game lasted 00:08:10 (6320 turns).

HEYYEYAAE the Bolt Thrower (Octopode Hunter)        Turns: 6320, Time: 00:08:12

Health: 0/64       AC:  1    Str: 11    XL:     9   Next: 50%
Magic:  7/9        EV: 25    Int: 14    God:    Okawaru [***...]
Gold:   300        SH:  0    Dex: 15    Spells: 8/8 levels left

rFire    + . .     SeeInvis .   B - +1 flail (holy)
rCold    + . .     Gourm    +   (no shield)
rNeg     . . .     Faith    .   (helmet restricted)
rPois    +         Spirit   .   l - amulet of the gourmand
rElec    +         Reflect  .   D - +4 ring of evasion
rCorr    +         Harm     .   (no ring)
MR       .....                  (no ring)
Stlth    ++++++....             (no ring)
HPRegen  0.20/turn              (no ring)
MPRegen  0.11/turn              (no ring)
                                (no ring)
                                (no ring)

@: resistant, heroism
A: almost no armour, stealthy swim, amphibious, 8 rings, constrict 8, camouflage
1, gelatinous body 1
a: Heroism, Renounce Religion


You were on level 11 of the Dungeon.
You worshipped Okawaru.
Okawaru was most pleased with you.
You were very full.

You visited 2 branches of the dungeon, and saw 10 of its levels.

You collected 300 gold pieces.

Inventory:

Hand Weapons
 a - a +2 hand crossbow of freezing
 b - a +0 short sword
 s - a -3 quarterstaff
 B - a +1 flail of holy wrath (weapon)
Missiles
 c - a bolt
Jewellery
 e - an uncursed ring of ice
 l - an amulet of the gourmand (around mantle)
 q - an uncursed ring of fire
 D - a +4 ring of evasion (left tentacle)
Scrolls
 g - a scroll of magic mapping
 i - a scroll of fear
 o - a scroll of blinking
 u - 3 scrolls of immolation
 w - 2 scrolls of teleportation
 x - 3 scrolls of remove curse
 y - a scroll of fog
 I - a scroll of amnesia
Potions
 f - 3 potions of curing
 h - a potion of brilliance {unknown}
 j - a potion of degeneration
 m - a potion of flight
 z - a potion of mutation {unknown}
 A - a potion of resistance
 E - a potion of berserk rage {unknown}
Comestibles
 d - 9 rations


   Skills:
 * Level 7.0(12.0) Fighting
 * Level 7.8(12.8) Crossbows
 * Level 6.9(11.9) Dodging
 + Level 6.7(11.7) Stealth


You had 8 spell levels left.
You didn't know any spells.
Your spell library was empty.

Dungeon Overview and Level Annotations

Branches:
Dungeon (8/15)             Temple (1/1) D:4
   Lair: D:8-11

Altars:
Cheibriados
Dithmenos
Elyvilon
Fedhas
Hepliaklqana
Kikubaaqudgha
Makhleb
Nemelex Xobeh
Okawaru
Ru
Trog
Uskayaw
Vehumet
Wu Jian
Yredelemnul
Zin
The Shining One

Shops:
D:4 [   D:5 *


Innate Abilities, Weirdness & Mutations

You cannot wear most types of armour.
You are very stealthy in the water. (Stealth+)
You are amphibious.
You can wear up to eight rings at the same time.
You can use your tentacles to constrict eight enemies at once.
Your skin changes colour to match your surroundings (Stealth+).
Your rubbery body absorbs attacks. (AC +1, EV +1)


Message History

The acid dragon resists with some effort.
The now-empty wand crumbles to dust.
The acid dragon bites you!
* * * LOW HITPOINT WARNING * * *
The acid dragon misses you.
Unknown command.
You feel protected. The acid dragon completely misses you.
The acid dragon claws you.
* * * LOW HITPOINT WARNING * * *
You hit the acid dragon but do no damage.
The acid dragon bites you!
* * * LOW HITPOINT WARNING * * *
The acid dragon claws you.
* * * LOW HITPOINT WARNING * * *
The acid dragon bites you.
* * * LOW HITPOINT WARNING * * *
The acid dragon misses you.
You gain the combat prowess of a mighty hero.
The acid dragon spits acid at you. The splash of acid hits you. You resist.
You die...

*.....(.,,,,,,**
**,,,,,,,,,
*.?.....,,,,***
*,,,,,,,,,
****#...###**
**,,,,,,,,
***#†(##
**,,,,,,, ##(.##
**,,,,,,
##..######
**,,,,,
###..#..## **,,,,
###.....## **,*,,
#@D......#
**,****
#......(###*,,*
##.....>..#.,**
##.....(...,,**
#......((##,,,**
#........#**,,,**
#.......#..,,,,,*
#.......)..,,,,,,
#..........,,,,*,


You could see an acid dragon.

Vanquished Creatures
  Joseph (D:8)
  A shadow (D:11)
  A hungry ghost (D:8)
  An orc warrior (D:8)
  3 sky beasts
  An ogre (D:8)
  4 phantoms
  3 wolves (D:11)
  A centaur (D:5)
  A bullfrog (D:6)
  A crimson imp (D:5)
  3 hounds
  A jelly (D:5)
  An orc priest (D:8)
  A centaur skeleton (D:6)
  Natasha (twice) (D:4)
  An iguana (D:5)
  8 orc wizards
  2 worker ants
  2 adders (D:3)
  A shadow imp (D:6)
  A worm (D:5)
  An adder skeleton (D:6)
  2 dart slugs
  2 leopard geckos (D:1)
  20 orcs
  14 giant cockroaches
  7 goblins
  6 hobgoblins
  8 jackals
  2 quokkas (D:2)
  3 bats
  4 frilled lizards
  A jackal skeleton (D:5)
  10 kobolds
  A quokka skeleton (D:4)
  A quokka zombie (D:6)
  8 rats
  A spectral orc (D:2)
132 creatures vanquished.

Notes
Turn   | Place    | Note
-------+----------+-------------------------------------------
     0 | D:1      | HEYYEYAAE the Octopode Hunter began the quest for the Orb.
     0 | D:1      | Reached XP level 1. HP: 14/14 MP: 1/1
    35 | D:1      | Reached XP level 2. HP: 8/19 MP: 2/2
   516 | D:1      | Reached XP level 3. HP: 16/25 MP: 3/3
  1629 | D:2      | Reached XP level 4. HP: 19/31 MP: 4/4
  2273 | D:2      | Found a basalt altar of Yredelemnul.
  3013 | D:3      | Reached XP level 5. HP: 16/36 MP: 5/5
  3477 | D:4      | Noticed a phantom
  3503 | D:4      | Killed a phantom
  3503 | D:4      | Reached skill level 5 in Crossbows
  3652 | D:4      | Reached XP level 6. HP: 43/43 MP: 6/6
  3657 | D:4      | Found Colot's Antique Armour Emporium.
  3700 | D:4      | Found a burning altar of Makhleb.
  3772 | D:4      | Found a staircase to the Ecumenical Temple.
  3783 | D:4      | Noticed a phantom
  3817 | Temple   | Entered the Ecumenical Temple
  3889 | Temple   | Became a worshipper of Warmaster Okawaru
  3949 | D:4      | Noticed a phantom
  3959 | D:4      | Killed a phantom
  3998 | D:4      | Found a glowing golden altar of the Shining One.
  4069 | D:4      | Killed a phantom
  4069 | D:4      | Reached * piety under Okawaru
  4069 | D:4      | Reached XP level 7. HP: 46/49 MP: 7/7
  4321 | D:4      | Noticed Natasha
  4324 | D:4      | Killed Natasha
  4390 | D:4      | Noticed Natasha
  4401 | D:4      | Killed Natasha
  4501 | D:5      | Entered Level 5 of the Dungeon
  4599 | D:5      | Found Godic's Assorted Antiques.
  4894 | D:5      | Reached skill level 5 in Fighting
  5191 | D:5      | Reached XP level 8. HP: 55/55 MP: 8/8
  5246 | D:6      | Reached skill level 5 in Dodging
  5249 | D:6      | Reached ** piety under Okawaru
  5284 | D:6      | Reached skill level 5 in Stealth
  5292 | D:6      | You fall through a shaft for 2 floors!
  5711 | D:8      | Reached *** piety under Okawaru
  5711 | D:8      | Reached XP level 9. HP: 63/63 MP: 9/9
  5715 | D:8      | Noticed Joseph
  5756 | D:8      | Killed Joseph
  5786 | D:8      | Identified the ring "Qangiobo" {*Tele Stlth+}
  6121 | D:8      | Found a hide-covered altar of Uskayaw.
  6126 | D:8      | You fall through a shaft for 3 floors!
  6320 | D:11     | Killed from afar by an acid dragon

Skill      XL: |  1  2  3  4  5  6  7  8  9 |
---------------+----------------------------+-----
Stealth        | 2 3 4 6 |  6.7
Fighting       | 3 4 5 6 7 |  7.0
Dodging        | 3 4 6 |  6.9
Crossbows      | 5 6 7 |  7.8

Action                   |  1- 3 |  4- 6 |  7- 9 || total
-------------------------+-------+-------+-------++-------
Melee: Short sword       |    80 |       |       ||    80
       Constrict         |    26 |    18 |     4 ||    48
       Tentacles         |    15 |     8 |     4 ||    27
       Quarterstaff      |     7 |    47 |       ||    54
       Flail             |       |     9 |    25 ||    34
 Fire: Hand crossbow     |     6 |    56 |   155 ||   217
Invok: Heroism           |       |       |     2 ||     2
Evoke: Wand              |       |       |    23 ||    23
  Use: Scroll            |     2 |     7 |     8 ||    17
       Potion            |       |     2 |    12 ||    14
 Stab: Sleeping          |     9 |     5 |       ||    14
       Paralysed         |       |       |     7 ||     7
  Eat: Chunk             |    10 |     6 |     7 ||    23
Armor: Skin              |     3 |     3 |    18 ||    24
Dodge: Dodged            |    61 |    72 |    65 ||   198
